 Dungeon Crawl Stone Soup version 0.20.1-1-g8b1a95d66d (webtiles) character file.

16260 Pixllover the Basher (level 12, -14/110 HPs)
             Began as a Minotaur Berserker on Dec 27, 2017.
             Was a High Priest of Trog.
             Killed from afar by a tengu reaver (37 damage)
             ... with a bolt of lightning
             ... on level 11 of the Dungeon.
             The game lasted 00:46:19 (10580 turns).

Pixllover the Basher (Minotaur Berserker)          Turns: 10580, Time: 00:46:20

Health: -14/110    AC: 17    Str: 26    XL:     12   Next: 8%
Magic:  11/11      EV: 13    Int:  6    God:    Trog [*****.]
Gold:   564        SH:  5    Dex: 11    Spells: 11/11 levels left

rFire    . . .     SeeInvis +   w - +4 mace (protect)
rCold    . . .     Gourm    .   b - +0 buckler
rNeg     . . .     Faith    .   i - +5 scale mail
rPois    .         Spirit   .   (helmet restricted)
rElec    .         Reflect  .   (no cloak)
rCorr    .         Harm     .   m - +0 pair of gloves
MR       .....                  (no boots)
Stlth    +.........             (no amulet)
Regen    0.3/turn               A - ring of stealth
MPRegen  0.2/turn               F - ring of see invisible

@: berserk cooldown, very slightly contaminated, slowed, invisible, very slow
A: retaliatory headbutt, horns 2, slimy green scales 1, clever 1, deterioration
1
a: Berserk, Trog's Hand, Brothers in Arms, Burn Spellbooks, Renounce Religion


You were on level 11 of the Dungeon.
You worshipped Trog.
Trog was extremely pleased with you.
You were not hungry.

You visited 3 branches of the dungeon, and saw 15 of its levels.
You also visited: Ossuary.

You collected 655 gold pieces.
You spent 91 gold pieces at shops.

Inventory:

Hand Weapons
 k - a +2 great sword
 t - a +3 fustibalus of freezing
 v - a +0 scythe
 w - a +4 mace of protection (weapon)
 y - a +1 great mace of holy wrath
 z - a +1 mace of freezing
Armour
 b - a +0 buckler (worn)
 i - a +5 scale mail (worn)
 m - a +0 pair of gloves (worn)
Jewellery
 p - an uncursed ring of protection from magic {unknown}
 A - a ring of stealth (left hand)
 F - a ring of see invisible (right hand)
Wands
 j - a wand of flame (34/48)
 q - a wand of confusion (22/48)
 x - a wand of flame (48/48)
 C - a wand of iceblast (10/15)
 D - a wand of confusion (17/48)
Scrolls
 d - 6 scrolls of remove curse
 g - 3 scrolls of fear
 h - a scroll of fog
 l - 4 scrolls of teleportation
Potions
 a - 4 potions of curing
 e - 4 potions of brilliance
 f - 3 potions of agility
 s - 4 potions of resistance
 u - 5 potions of might
 E - a potion of ambrosia
 H - a potion of berserk rage {unknown}
 I - a potion of haste
Miscellaneous
 o - a fan of gales
Comestibles
 c - 2 bread rations
 n - 12 royal jellies
 r - 5 fruits
 B - 7 meat rations


   Skills:
 + Level 11.6 Fighting
 + Level 14.8 Maces & Flails
 + Level 2.3 Polearms
 + Level 10.5 Armour
 + Level 7.0 Dodging
 + Level 2.0 Stealth
 + Level 5.7 Shields


You had 11 spell levels left.
You didn't know any spells.

Dungeon Overview and Level Annotations

Branches:
Dungeon (11/15)            Temple (1/1) D:7            Lair (3/6) D:10
  Swamp: Lair:2-4    Shoals: Lair:2-4     Snake: Lair:2-4    Spider: Lair:2-4
    Orc: D:9-12

Altars:
Ashenzari
Cheibriados
Dithmenos
Elyvilon
Fedhas
Gozag
Hepliaklqana
Kikubaaqudgha
Makhleb
Nemelex Xobeh
Okawaru
Qazlal
Ru
Sif Muna
Trog
Uskayaw
Vehumet
Xom
Yredelemnul
Zin
The Shining One

Shops:
D:4 ?

Annotations:
D:11 1 transporter


Innate Abilities, Weirdness & Mutations

You reflexively headbutt those who attack you in melee.
You have a pair of horns on your head.
You are partially covered in slimy green scales. (AC +2)
Your mind is acute. (Int +2)
Your body sometimes deteriorates upon taking damage.


Message History

The orc shouts! x2
Found 16 gold pieces.
You feel your anger subside.
You are no longer berserk.
You are exhausted.
You feel yourself slow down. The troll bites you! The troll barely misses you.
The troll claws you!
* * * LOW HITPOINT WARNING * * *
You fade into invisibility!
The troll bites you but does no damage. The troll completely misses you.
The troll claws you.
* * * LOW HITPOINT WARNING * * *
You block the tengu reaver's attack. The tengu reaver pecks you.
* * * LOW HITPOINT WARNING * * *
The tengu reaver claws you but does no damage.
The troll bites you but does no damage. The troll claws you but does no damage.
The troll barely misses you.
You are very lightly contaminated with residual magic.
The tengu reaver points at you and mumbles some strange words.
The bolt of lightning hits you!
You die...

...........?..##
................##
.................###..#.
.......lu.oo..?....#....
......#########.........
.....##.D.....##........
#....#8.#Q..#.8#........
#....#?$.#Z#...#........
#....#"@CT*....#W.#.....
.....#©=.......#©.......
.....#|$.......#....##..
.....#=$.#.#...#...###..
.....#8.#...#.8#..###...
.....##.......##........
#.....#########........#
#.#.................##..
...............###.


You could see a frost giant, a tengu reaver, a six-headed hydra, a green ugly
thing, a troll, an iguana, a battlesphere, 2 orcs and a centaur warrior zombie.

Vanquished Creatures
  Gastronok (D:8)
  The ghost of tehanu the Carver, a novice MiBe of Trog (D:10)
  The ghost of Gargoyl the Chopper, a novice CeAK of Lugonu (D:9)
  6 two-headed ogres
  The ghost of Spline the Fighter, a novice MiBe of Trog (D:8)
  2 unseen horrors (D:10)
  An elephant (D:10)
  A manticore (D:10)
  Psyche (D:9)
  2 spiny frogs (Lair:1)
  2 trolls (D:10)
  2 hippogriffs
  Sigmund (D:3)
  Grum (D:8)
  A wraith (D:10)
  3 yaks (D:10)
  A hungry ghost (D:7)
  A porcupine (Lair:2)
  2 water moccasins
  2 orc warriors
  2 necrophages
  2 wolves (D:8)
  A centaur (D:5)
  3 ogres
  A phantom (D:7)
  3 big kobolds
  4 crocodiles
  3 bullfrogs
  2 elf zombies (D:4)
  3 water moccasin zombies (Ossuary)
  An elf skeleton (D:4)
  A wyvern zombie (D:8)
  2 scorpions (D:9)
  The ghost of leszekd25 the Skirmisher, a weakling DsGl (D:3)
  7 wights
  6 howler monkeys
  2 bullfrog zombies
  5 crimson imps
  A centaur zombie (D:5)
  4 hounds
  4 jellies
  4 orc priests
  7 orc wizards
  A bullfrog skeleton (D:4)
  3 iguanas
  A human skeleton (D:4)
  A centaur skeleton (D:8)
  6 worker ants
  A big kobold zombie (Ossuary)
  A hound zombie (D:10)
  2 mummies (Ossuary)
  3 worker ant zombies
  A hound skeleton (D:9)
  Robin (D:3)
  2 howler monkey skeletons
  2 howler monkey zombies (D:5)
  4 gnolls
  10 adders
  A shadow imp (D:5)
  5 oozes (D:8)
  3 adder zombies (Ossuary)
  An adder skeleton (D:7)
  3 worms
  3 dart slugs
  7 leopard geckos
  32 orcs
  6 bats
  3 giant cockroaches
  19 goblins
  7 hobgoblins
  11 jackals
  23 kobolds
  3 quokkas
  A ball python (D:7)
  A ball python skeleton (D:4)
  6 frilled lizards
  5 hobgoblin zombies (Ossuary)
  8 kobold zombies (Ossuary)
  A leopard gecko zombie (D:8)
  An orc skeleton (D:4)
  4 orc zombies
  A quokka zombie (D:7)
  10 rats
  4 fungi (D:1)
310 creatures vanquished.

Notes
Turn   | Place    | Note
-------+----------+-------------------------------------------
     0 | D:1      | Pixllover the Minotaur Berserker began the quest for the Orb.
     0 | D:1      | Reached XP level 1. HP: 19/19 MP: 0/0
    93 | D:1      | Reached XP level 2. HP: 27/27 MP: 1/1
   100 | D:1      | Reached skill level 4 in Maces & Flails
   426 | D:1      | Reached XP level 3. HP: 33/33 MP: 2/2
   531 | D:1      | Reached ** piety under Trog
   988 | D:2      | Found a stormy altar of Qazlal.
  1271 | D:2      | Found a shadowy altar of Dithmenos.
  1272 | D:2      | Found a white marble altar of Elyvilon.
  1272 | D:2      | Found a deep blue altar of Sif Muna.
  1336 | D:2      | Found a bloodstained altar of Trog.
  1439 | D:2      | Reached XP level 4. HP: 31/40 MP: 3/3
  1523 | D:2      | Found a faded altar of an unknown god.
  1628 | D:2      | Reached skill level 5 in Maces & Flails
  1650 | D:2      | Found a blossoming altar of Fedhas.
  1667 | D:2      | Found a glowing golden altar of the Shining One.
  2121 | D:3      | Noticed Sigmund
  2135 | D:3      | Killed Sigmund
  2135 | D:3      | Reached skill level 6 in Maces & Flails
  2135 | D:3      | Reached XP level 5. HP: 47/47 MP: 4/4
  2135 | D:3      | Reached XP level 6. HP: 55/55 MP: 5/5
  2234 | D:3      | Noticed Robin
  2244 | D:3      | Reached skill level 5 in Fighting
  2245 | D:3      | Noticed leszekd25's ghost (weakling DsGl)
  2248 | D:3      | Killed Robin
  2251 | D:3      | Killed leszekd25's ghost
  2364 | D:3      | Reached *** piety under Trog
  2369 | D:3      | Reached skill level 1 in Polearms
  2508 | D:3      | Gained mutation: Your mind is acute. (Int +2) [potion of mutation]
  2508 | D:3      | Gained mutation: Your body sometimes deteriorates upon taking damage. [potion of mutation]
  2508 | D:3      | Gained mutation: You are partially covered in slimy green scales. (AC +2) [potion of mutation]
  2742 | D:4      | Found Huquff Hopn's Magic Scroll Shop.
  2752 | D:4      | Bought a scroll of fear for 49 gold pieces
  2752 | D:4      | Bought a scroll of remove curse for 42 gold pieces
  2821 | D:4      | Reached skill level 7 in Maces & Flails
  2821 | D:4      | Reached XP level 7. HP: 57/61 MP: 6/6
  2832 | D:4      | Found a sand-covered staircase.
  2838 | Ossuary  | Entered an ossuary
  2866 | Ossuary  | Reached skill level 5 in Armour
  3308 | D:4      | Reached **** piety under Trog
  3527 | D:4      | Reached skill level 8 in Maces & Flails
  3699 | D:5      | Entered Level 5 of the Dungeon
  3757 | D:5      | Reached XP level 8. HP: 68/70 MP: 7/7
  3967 | D:5      | Reached skill level 9 in Maces & Flails
  4983 | D:6      | Reached skill level 10 in Maces & Flails
  5142 | D:7      | Reached skill level 1 in Shields
  5155 | D:7      | Reached XP level 9. HP: 70/78 MP: 8/8
  5375 | D:7      | Reached ***** piety under Trog
  5504 | D:7      | Found a staircase to the Ecumenical Temple.
  5520 | Temple   | Entered the Ecumenical Temple
  6035 | D:7      | Found a burning altar of Makhleb.
  6222 | D:7      | Found a snail-covered altar of Cheibriados.
  6368 | D:8      | Noticed a two-headed ogre
  6397 | D:8      | Killed a two-headed ogre
  6397 | D:8      | Reached skill level 11 in Maces & Flails
  6524 | D:8      | Noticed Grum
  6532 | D:8      | Noticed Spline's ghost (novice MiBe)
  6558 | D:8      | Killed Spline's ghost
  6558 | D:8      | Reached skill level 12 in Maces & Flails
  6558 | D:8      | Reached XP level 10. HP: 85/90 MP: 9/9
  6567 | D:8      | Killed Grum
  6816 | D:8      | Found a sacrificial altar of Ru.
  6821 | D:8      | Noticed a two-headed ogre
  6864 | D:8      | Killed a two-headed ogre
  6864 | D:8      | Reached skill level 5 in Dodging
  6864 | D:8      | Reached skill level 1 in Stealth
  6947 | D:8      | Noticed a two-headed ogre
  6950 | D:8      | Noticed Gastronok
  6976 | D:8      | Killed a two-headed ogre
  7010 | D:8      | Killed Gastronok
  7010 | D:8      | Reached skill level 13 in Maces & Flails
  7160 | D:8      | Received a gift from Trog
  7717 | D:9      | Reached XP level 11. HP: 84/99 MP: 10/10
  7749 | D:9      | Noticed Psyche
  7762 | D:9      | Killed Psyche
  7768 | D:9      | Noticed Gargoyl's ghost (novice CeAK)
  7781 | D:9      | Killed Gargoyl's ghost
  7781 | D:9      | Reached skill level 10 in Fighting
  8022 | D:9      | Found a burning altar of Makhleb.
  8358 | D:9      | Noticed a two-headed ogre
  8367 | D:9      | Killed a two-headed ogre
  8569 | D:10     | Entered Level 10 of the Dungeon
  8702 | D:10     | Reached skill level 14 in Maces & Flails
  8728 | D:10     | Noticed a two-headed ogre
  8742 | D:10     | Killed a two-headed ogre
  8742 | D:10     | Reached skill level 10 in Armour
  9070 | D:10     | Noticed an unseen horror
  9089 | D:10     | Killed an unseen horror
  9123 | D:10     | Noticed a two-headed ogre
  9131 | D:10     | Killed a two-headed ogre
  9283 | D:10     | Noticed tehanu's ghost (novice MiBe)
  9312 | D:10     | Killed tehanu's ghost
  9312 | D:10     | Reached skill level 5 in Shields
  9644 | D:10     | Found a staircase to the Lair.
  9703 | D:10     | Received a gift from Trog
  9985 | D:10     | Noticed an unseen horror
  9999 | D:10     | Killed an unseen horror
 10173 | Lair:1   | Entered Level 1 of the Lair of Beasts
 10194 | Lair:1   | Reached XP level 12. HP: 90/110 MP: 11/11
 10557 | D:11     | Noticed a six-headed hydra
 10560 | D:11     | Found a transporter.
 10570 | D:11     | Noticed a tengu reaver
 10570 | D:11     | Noticed a frost giant
 10570 | D:11     | Found a transporter.
 10580 | D:11     | Killed from afar by a tengu reaver

Skill      XL: |  1  2  3  4  5  6  7  8  9 10 11 12 |
---------------+-------------------------------------+-----
Maces & Flails | 4 6 7 8 10 12 13 14 | 14.8
Fighting       | 4 5 6 8 9 11 | 11.6
Armour         | 3 4 5 6 8 9 10 | 10.5
Dodging        | 3 4 5 6 7 |  7.0
Polearms       | 1 2 |  2.3
Shields        | 1 2 3 5 |  5.7
Stealth        | 1 2 |  2.0

Action                   |  1- 3 |  4- 6 |  7- 9 | 10-12 || total
-------------------------+-------+-------+-------+-------++-------
Melee: Mace              |    90 |    83 |   391 |   374 ||   938
       Headbutt          |    21 |    11 |    66 |    87 ||   185
       Scythe            |       |    21 |       |       ||    21
Invok: Berserk           |       |     2 |     3 |     8 ||    13
       Burn Spellbooks   |       |       |       |     4 ||     4
  Use: Scroll            |     2 |     7 |     7 |    11 ||    27
       Potion            |       |     3 |     3 |     6 ||    12
  Eat: Bread ration      |     1 |       |       |     1 ||     2
       Chunk             |       |     4 |     4 |    12 ||    20
       Meat ration       |       |       |     2 |     1 ||     3
       Royal jelly       |       |       |       |     1 ||     1
Armor: Animal skin       |    12 |       |       |       ||    12
       Chain mail        |    17 |       |       |       ||    17
       Scale mail        |     4 |    68 |   182 |   152 ||   406
Dodge: Dodged            |    41 |    87 |   186 |   193 ||   507
Block: Buckler           |       |       |    34 |    80 ||   114
